 Dungeon Crawl Stone Soup version 0.30-a0-347-gf58ed5266c (webtiles) character file.

Game seed: 4078857140153756124

597 purpskrrrp the Ruffian (level 7, -11/66 HPs)
             Began as a Troll Warper on Nov 6, 2022.
             Mangled by an ogre
             ... wielding a +0 giant club
              (27 damage)
             ... on level 5 of the Dungeon.
             The game lasted 00:09:26 (3992 turns).

purpskrrrp the Ruffian (Troll Warper)               Turns: 3992, Time: 00:09:27

Health: -11/66     AC:  5    Str: 22    XL:     7   Next: 17%
Magic:  8/8        EV: 12    Int:  9    God:
Gold:   172        SH:  7    Dex:  9    Spells: 9/9 levels left

rFire   . . .      SeeInvis .      - Unarmed
rCold   . . .      Faith    .    k - +0 kite shield
rNeg    . . .      Spirit   .    a - +0 robe
rPois   .          Reflect  .    (helmet restricted)
rElec   .          Harm     .    o - +0 cloak
rCorr   .          Rampage  .    (gloves unavailable)
Will    .....                    (boots unavailable)
Stlth   +.........               l - amulet of the acrobat
HPRegen 1.11/turn                g - +4 ring of evasion
MPRegen 0.11/turn                (no ring)

@: mighty
A: large, unfitting armour, claws 3, regeneration 1, shaggy fur 1, tough skin 1
a: no special abilities


You were on level 5 of the Dungeon.
You visited 1 branch of the dungeon, and saw 5 of its levels.
You also visited: Sewer.

You collected 172 gold pieces.

Inventory:

Missiles
 c - 5 boomerangs of dispersal
 j - 6 boomerangs
Armour
 a - a +0 robe (worn)
 k - a +0 kite shield (worn)
 o - a +0 cloak (worn)
Jewellery
 g - a +4 ring of evasion (left claw)
 i - an amulet of magic regeneration
 l - an amulet of the acrobat (around neck)
Wands
 x - a wand of iceblast (13)
Scrolls
 b - a scroll of blinking
 f - 2 scrolls of fear
 h - 2 scrolls of teleportation
 n - 2 scrolls of vulnerability
 p - a scroll of amnesia
 y - a scroll of enchant weapon
 z - a scroll of magic mapping
Potions
 d - a potion of haste
 e - 3 potions of brilliance
 m - a potion of resistance {unknown}
 q - 2 potions of curing
 r - a potion of might
 s - a potion of berserk rage {unknown}
 t - a potion of mutation {unknown}
 u - 2 potions of attraction {unknown}
 w - a potion of heal wounds


   Skills:
 + Level 2.6 Fighting
 - Level 0.8 Throwing
 - Level 2.0 Armour
 - Level 3.1 Dodging
 + Level 2.5 Shields
 * Level 4.1 Unarmed Combat
 + Level 1.9 Spellcasting
 + Level 2.8 Translocations


You had 9 spell levels left.
You didn't know any spells.
Your spell library contained the following spells:

 Spells                   Type           Power      Damage    Failure   Level
 Blink                    Tloc           10%        N/A       36%         2
 Momentum Strike          Conj/Tloc      6%         3d8       56%         2
 Lesser Beckoning         Tloc           10%        N/A       61%         3
 Teleport Other           Tloc           5%         N/A       61%         3
 Vhi's Electric Charge    Tloc/Air       6%         N/A       80%         3
 Manifold Assault         Tloc           5%         N/A       95%         4


Dungeon Overview and Level Annotations

Branches:
Dungeon (5/15)              Sewer (visited)
 Temple: D:4-7

Altars:
Okawaru
Sif Muna
Yredelemnul


Innate Abilities, Weirdness & Mutations

You are too large for most types of armour.
You have claws for hands.
Your natural rate of healing is unusually fast.
You are covered in fur. (AC +1)
You have tough skin. (AC +1)


Message History

You are too injured to fight recklessly!
You are too injured to fight recklessly!
You are too injured to fight recklessly!
You are too injured to fight recklessly!
You are too injured to fight recklessly!
You are too injured to fight recklessly!
You are too injured to fight recklessly!
You are too injured to fight recklessly!
You are too injured to fight recklessly!
You are too injured to fight recklessly!
You are too injured to fight recklessly!
You are too injured to fight recklessly!
You are too injured to fight recklessly!
You are too injured to fight recklessly!
You are too injured to fight recklessly!
You are too injured to fight recklessly!
You are too injured to fight recklessly!
You barely miss the howler monkey. You block the howler monkey's attack.
The iguana barely misses you.
You barely miss the iguana.
The iguana is almost dead.
The howler monkey hits you. You block the howler monkey's attack.
The iguana barely misses you.
You feel very mighty all of a sudden. The howler monkey misses you.
The iguana bites you. You block the ogre's attack.
You claw the ogre!
The ogre is heavily wounded.
The howler monkey hits you but does no damage.
The iguana bites you.
You closely miss the ogre.
The ogre is heavily wounded.
The howler monkey hits you. The ogre hits you with a +0 giant club!
The iguana bites you!
* * * LOW HITPOINT WARNING * * *
You barely miss the ogre.
The ogre is heavily wounded.
The howler monkey closely misses you.
The ogre hits you with a +0 giant club!!
You die...

*,,,,,,,,,,,,,,,,,,,* ***,,,
*,,,,.............,,* *,,,,,
*,,,.............,,,* *,,,,,
*,,.............#*******,,,,,
*,,.............###.,,**,,,,,
*,,.................,,**,,,,,
*,,,................,,**,,,,,
*,,,.......lh.......,,**,,,,,
*******#.$..@O......,,,,,,,,,
############...........#*,,,,,,,,
...........#...........#*,,,,,,,,
...........#...........#*,,,,,,,,
.......................#*,,,,,,,,
.......................#*,,,,,,,,
.......................#*,,,,,,,,
...........#...........#*,,,,,,,,
...........<....#######**,,,,,,,,


You could see an ogre, a howler monkey and an iguana.

Vanquished Creatures
  Grinder (D:3)
  A hound (D:4)
  Crazy Yiuf (D:4)
  Ijyb (D:3)
  Natasha (D:2)
  3 iguanas
  A hound zombie (D:4)
  Robin (D:3)
  7 adders
  4 river rats (Sewer)
  An adder zombie (D:4)
  3 dart slugs
  5 orcs (D:5)
  3 endoplasms
  4 giant cockroaches
  10 goblins
  6 hobgoblins
  2 jackals (Sewer)
  4 quokkas
  2 ball pythons (D:3)
  4 bats
  8 frilled lizards
  8 kobolds
  10 rats
91 creatures vanquished.

Vanquished Creatures (others)
  7 plants
7 creatures vanquished.

Grand Total: 98 creatures vanquished

Notes
Turn   | Place    | Note
-------+----------+-------------------------------------------
     0 | D:1      | purpskrrrp the Troll Warper began the quest for the Orb.
     0 | D:1      | Reached XP level 1. HP: 19/19 MP: 1/1
   197 | D:1      | Reached XP level 2. HP: 28/28 MP: 2/2
   829 | D:2      | Found a faded altar of an unknown god.
   842 | D:2      | Reached XP level 3. HP: 33/35 MP: 4/4
  1122 | D:2      | Noticed Natasha
  1130 | D:2      | Killed Natasha
  1267 | D:2      | Reached XP level 4. HP: 24/42 MP: 5/5
  1461 | D:3      | Noticed Ijyb
  1464 | D:3      | Paralysed by Ijyb for 3 turns
  1472 | D:3      | Paralysed by Ijyb for 5 turns
  1483 | D:3      | Paralysed by Ijyb for 2 turns
  1491 | D:3      | Killed Ijyb
  1492 | D:3      | Reached skill level 1 in Shields
  1510 | D:3      | Noticed Grinder
  1514 | D:3      | Paralysed by Grinder for 2 turns
  1520 | D:3      | Paralysed by Grinder for 3 turns
  1539 | D:3      | Killed Grinder
  1540 | D:3      | Reached skill level 1 in Armour
  1540 | D:3      | Reached skill level 3 in Unarmed Combat
  1540 | D:3      | Reached XP level 5. HP: 14/49 MP: 6/6
  1540 | D:3      | Reached XP level 6. HP: 16/57 MP: 7/7
  1672 | D:3      | Noticed Robin
  1685 | D:3      | Killed Robin
  1711 | D:3      | Found a shimmering blue altar of Sif Muna.
  1711 | D:3      | Found an iron altar of Okawaru.
  2763 | D:4      | Found a runed translucent door.
  2764 | D:4      | Noticed Crazy Yiuf
  2901 | D:4      | Found a basalt altar of Yredelemnul.
  3037 | D:4      | Killed Crazy Yiuf
  3136 | D:5      | Entered Level 5 of the Dungeon
  3273 | D:5      | Found a glowing drain.
  3277 | Sewer    | Entered a sewer
  3572 | Sewer    | Reached XP level 7. HP: 64/66 MP: 8/8
  3945 | D:5      | Reached skill level 4 in Unarmed Combat
  3992 | D:5      | Mangled by an ogre

Illustrated notes

Levels and vault maps discovered:
D:1:      roderic_crop_circles_arrival_small, layout_basic
D:2:      layout_rooms, basic_ecumenical_altar, uniq_natasha
D:3:      layout_loops_corners, nicolae_overflow_two_pavilions, uniq_ijyb,
          uniq_robin, uniq_grinder
D:4:      layout_basic, lemuel_zombie_altar_yredelemnul, uniq_crazy_yiuf_cottage
D:5:      layout_basic, gup_sewer_entry_spiral, hangedman_decor_peaks_small,
          uniq_blork_the_orc, uniq_prince_ribbit1, uniq_eustachio

Skill      XL: |  1  2  3  4  5  6  7 |
---------------+----------------------+-----
Dodging        | 2 3 |  3.1
Fighting       | 2 |  2.6
Shields        | 1 2 |  2.5
Armour         | 1 2 |  2.0
Unarmed Combat | 3 4 |  4.1
Throwing       | |  0.8
Spellcasting   | |  1.9
Translocations | |  2.8

Action                   |  1- 3 |  4- 6 |  7- 9 || total
-------------------------+-------+-------+-------++-------
Melee: Unarmed           |   147 |   198 |    65 ||   410
       Punch             |     1 |       |       ||     1
Throw: Boomerang         |     2 |       |       ||     2
  Use: Scroll            |       |    15 |     1 ||    16
       Potion            |       |     5 |     1 ||     6
 Stab: Sleeping          |       |     1 |       ||     1
Armor: Robe              |    46 |    41 |    10 ||    97
Dodge: Dodged            |    68 |    54 |    41 ||   163
Block: Kite shield       |    17 |    44 |    26 ||    87

Table legend: (Time is in decaauts)
 A = Elapsed time spent in this place.
 B = Non-inter-level travel time spent in this place.
 C = Inter-level travel time spent in this place.
 D = Time resting spent in this place.
 E = Time spent auto-exploring this place.
 F = Levels seen in this place.
 G = Mean time per level.
                   A        B        C        D        E       F      G
               +--------+--------+--------+--------+--------+-----+--------+
         Total |   4145 |   3917 |    228 |     73 |   2863 |   6 |  690.8 |
       Dungeon |   3420 |   3192 |    228 |     73 |   2395 |   5 |  684.0 |
         Sewer |    724 |    724 |      0 |      0 |    468 |   1 |  724.0 |
               +--------+--------+--------+--------+--------+-----+--------+

Top non-repeatable levels by time:
     D:3: 1016 daAuts
     D:1: 816 daAuts
     D:4: 747 daAuts
   Sewer: 724 daAuts
     D:2: 588 daAuts
     D:5: 251 daAuts
